 Dungeon Crawl Stone Soup version 0.27.0-66-gdc8fb28755 (webtiles) character file.

Game seed: 3391370816547303199

150 horus123 the Ducker (level 5, 0/40 HPs)
             Began as a Human Gladiator on Aug 19, 2021.
             Slain by a phantom (8 damage)
             ... on level 3 of the Dungeon.
             The game lasted 00:08:17 (3541 turns).

horus123 the Ducker (Human Gladiator)               Turns: 3541, Time: 00:08:17

Health: 0/40       AC:  6    Str: 15    XL:     5   Next: 58%
Magic:  6/6        EV: 13    Int:  8    God:
Gold:   101        SH:  5    Dex: 15    Spells: 3/6 levels left

rFire    . . .     SeeInvis .   a - +0 long sword
rCold    . . .     Faith    .   (no shield)
rNeg     . . .     Spirit   .   p - +0 robe
rPois    +         Reflect  +   c - +0 helmet
rElec    .         Harm     .   (no cloak)
rCorr    .         Rampage  .   (no gloves)
Will     .....                  f - +2 pair of boots
Stlth    +.........             g - amulet of reflection
HPRegen  0.13/turn              l - ring of poison resistance
MPRegen  0.10/turn              (no ring)

@: no status effects
A: no striking features
a: no special abilities


You were on level 3 of the Dungeon.
You visited 1 branch of the dungeon, and saw 4 of its levels.

You collected 101 gold pieces.

Inventory:

Hand Weapons
 a - a +0 long sword (weapon)
 h - a +2 flail of holy wrath
 i - a +0 flail
Missiles
 d - 3 throwing nets
 u - 14 poisoned darts
Armour
 b - a +0 leather armour
 c - a +0 helmet (worn)
 f - a +2 pair of boots (worn)
 p - a +0 robe (worn)
Jewellery
 g - an amulet of reflection (around neck)
 l - a ring of poison resistance (left hand)
Wands
 n - a wand of digging (5)
Scrolls
 t - a scroll of identify
Potions
 e - a potion of degeneration
 j - a potion of lignification
 k - a potion of resistance {unknown}
 o - a potion of magic {unknown}
 q - a potion of heal wounds {unknown}
 r - a potion of attraction {unknown}
 s - a potion of mutation {unknown}


   Skills:
 * Level 2.8 Fighting
 + Level 3.7 Long Blades
 + Level 2.0 Throwing
 + Level 0.7 Armour
 * Level 3.8 Dodging
 + Level 0.1 Stealth
 + Level 0.6 Shields
 + Level 1.2 Spellcasting
 + Level 0.8 Transmutations
 + Level 1.0 Poison Magic


You had 3 spell levels left.
You knew the following spells:

 Your Spells              Type           Power      Damage    Failure   Level
a - Sting                 Tmut/Pois      4%         1d3       26%         1
b - Poisonous Vapours     Pois/Air       2%         N/A       43%         2

Your spell library contained the following spells:

 Spells                   Type           Power      Damage    Failure   Level
 Olgreb's Toxic Radiance  Pois           2%         N/A       95%         4


Dungeon Overview and Level Annotations

Branches:
Dungeon (4/15)
 Temple: D:4-7

Altars:
Ashenzari


Message History

There is a stone staircase leading down here.
You barely miss the orc.
The orc is severely wounded.
The orc wizard closely misses you. The phantom barely misses you.
The orc misses you. The orc wizard closely misses you.
You riposte.
You hit the orc wizard.
The orc wizard is moderately wounded.
You slash the orc!
You kill the orc!
The phantom hits you but does no damage.
The orc wizard barely misses you. The phantom hits you.
You closely miss the phantom. You block the orc wizard's attack.
The phantom hits you.
You barely miss the phantom. The orc wizard casts a spell at you.
You resist with some effort. The phantom misses you.
You hit the phantom but do no damage.
The orc wizard gestures wildly while chanting.
The orc wizard flickers and vanishes!
Deactivating autopickup; reactivate with Ctrl-A.
You block the phantom's attack.
You completely miss the phantom.
You hear some strange, mumbled words.
You are confused.
The phantom hits you. Something hits you.
You miss the phantom. The phantom barely misses you. Something hits you.
The phantom misses you.
You miss the phantom. Something barely misses you.
The phantom closely misses you. Something hits you but does no damage.
The phantom misses you.
Things that are here:
a +0 club; a +0 chain mail; an orc corpse You completely miss something.
Something hits you. The phantom barely misses you.
You hit something. Something hits you but does no damage. The phantom hits you!
* * * LOW HITPOINT WARNING * * *
You feel less confused. Something hits you but does no damage.
You block something's attack. The phantom hits you!
You die...

#############
##.....#.....##
##.............##
#...............#
#...............#
#...(......(....####
#..........[.......#
#.)................####
#.....@................
##...W{................
##..>..#..............
#######.##.......####
#..#.......#
##.#.......####
#.#..........#
#.###.#..###<.
########..##.##..##..


You could see a phantom.

Vanquished Creatures
  Ijyb (D:3)
  4 adders (D:2)
  3 worms
  3 dart slugs (D:3)
  2 orcs (D:3)
  3 endoplasms (D:1)
  7 goblins
  5 hobgoblins
  9 jackals
  12 kobolds
  2 quokkas (D:2)
  7 ball pythons
  6 bats
  2 frilled lizards
  8 rats
74 creatures vanquished.

Vanquished Creatures (others)
  6 plants (D:3)
6 creatures vanquished.

Grand Total: 80 creatures vanquished

Notes
Turn   | Place    | Note
-------+----------+-------------------------------------------
     0 | D:1      | horus123 the Human Gladiator began the quest for the Orb.
     0 | D:1      | Reached XP level 1. HP: 16/16 MP: 1/1
   256 | D:1      | Reached XP level 2. HP: 17/23 MP: 2/2
   644 | D:1      | Reached XP level 3. HP: 27/28 MP: 3/3
   821 | D:1      | Found a faded altar of an unknown god.
   841 | D:1      | Learned a level 1 spell: Sting
  1275 | D:2      | Found a broken altar of Ashenzari.
  1703 | D:2      | Reached XP level 4. HP: 32/34 MP: 1/4
  1754 | D:2      | Learned a level 2 spell: Poisonous Vapours
  2730 | D:3      | Noticed Ijyb
  2745 | D:3      | Killed Ijyb
  2746 | D:3      | Reached XP level 5. HP: 30/39 MP: 0/6
  2947 | D:3      | Reached skill level 1 in Spellcasting
  3518 | D:4      | Reached skill level 1 in Poison Magic
  3521 | D:4      | Noticed a phantom
  3541 | D:3      | Slain by a phantom

Illustrated notes

Levels and vault maps discovered:
D:1:      ncdulo_watergridlock, layout_loops_cross, ebering_ecumenical_altar_box
D:2:      minmay_general_purpose_star, layout_loops_corners, basic_altar,
          chequers_garden
D:3:      layout_rooms, serial_bayou_ford_a, minmay_misc_feat_secret_circle,
          uniq_ijyb
D:4:      layout_rooms, vehumet_crystals, lemuel_temple_firewalk_b, uniq_pikel

Skill      XL: |  1  2  3  4  5 |
---------------+----------------+-----
Spellcasting   | 1 |  1.2
Poison Magic   | 1 |  1.0
Fighting       | |  2.8
Long Blades    | |  3.7
Throwing       | |  2.0
Armour         | |  0.7
Dodging        | |  3.8
Stealth        | |  0.1
Shields        | |  0.6
Transmutations | |  0.8

Action                   |  1- 3 |  4- 6 || total
-------------------------+-------+-------++-------
Melee: Long sword        |    80 |    68 ||   148
 Cast: Sting             |    17 |    41 ||    58
  Use: Scroll            |     4 |     4 ||     8
 Stab: Sleeping          |     1 |       ||     1
Armor: Leather armour    |    34 |       ||    34
       Robe              |     4 |    31 ||    35
Dodge: Dodged            |    45 |    63 ||   108
Block: Other             |    26 |    25 ||    51
       Reflection        |       |     2 ||     2
       Rpst.: Long sword |    14 |    15 ||    29
